Map: Catalyst LE

Players

Elazer - Winner!

  • Race: Zerg Zerg
  • League: Grandmaster
  • Spawn Location: 11:00

FeaR

  • Race: Protoss Protoss
  • Spawn Location: 5:00

Event: HomeStory Cup XVII

VOD

Have the link to the VOD?

Description

Time

  • Played on: June 29, 2018, 12:18 p.m.
  • Length: 7:24

All games in this series

Show
View Real Time Build Order
Export as new Build Order

Elazer Zerg - Winner!

Build Orders: Hatch First 

Get SALT Encoding   

  12  0:00  Drone  
  13  0:12  Overlord  
  13  0:17  Drone  
  14  0:30  Drone x2  
  16  0:48  Hatchery  
  15  0:51  Drone  
  15  0:55  Drone  
  17  0:58  Drone  
  18  1:09  Extractor  
  17  1:13  Spawning Pool  
  17  1:17  Drone  
  17  1:20  Drone  
  18  1:28  Drone  
  19  1:38  Drone  
  20  1:49  Drone  
  21  1:59  Queen  
  21  2:00  Zergling x2  
  21  2:01  Queen  
  24  2:02  Overlord  
  26  2:11  Drone x2  
  26  2:12  Metabolic Boost  
  28  2:21  Drone x2  
  30  2:33  Drone x2  
  32  2:40  Hatchery  
  32  2:43  Queen  
  33  2:48  Overlord  
  34  2:51  Drone  
  34  2:54  Drone  
  34  2:55  Drone  
  36  3:08  Drone x4  
  36  3:10  Drone x2  
  36  3:11  Overlord  
  42  3:19  Queen  
  44  3:22  Overlord  
  44  3:29  Drone  
  44  3:30  Drone x3  
  48  3:40  Drone x4  
  52  3:42  Overlord  
  52  3:54  Drone x5  
  57  4:00  Overlord, Spore Crawler, Queen  
  57  4:01  Drone  
  59  4:03  Drone  
  59  4:09  Lair  
  60  4:11  Drone  
  60  4:13  Spore Crawler x2, Drone  
  60  4:14  Drone x2  
  60  4:16  Drone  
  63  4:20  Drone  
  63  4:22  Extractor  
  63  4:24  Extractor  
  62  4:26  Roach Warren  
  62  4:29  Overlord  
  62  4:30  Drone x4  
  65  4:35  Overlord  
  65  4:38  Overlord  
  65  4:43  Overlord  
  65  4:48  Overlord  
  65  4:51  Drone x3  
  68  4:58  Overlord  
  68  4:59  Extractor x2  
  65  5:06  Roach  
  65  5:07  Roach x6, Glial Reconstitution  
  79  5:10  Roach  
  79  5:14  Overlord  
  81  5:17  Roach x2  
  81  5:19  Overlord  
  81  5:21  Roach  
  87  5:22  Roach  
  87  5:26  Overlord  
  89  5:29  Roach x2  
  89  5:34  Roach x3  
  99  5:37  Zergling x6  
  99  5:40  Overlord  
  102  5:44  Roach x4  
  110  5:50  Roach x4  
  110  5:55  Overlord  
  118  6:00  Roach x4  
  118  6:04  Overlord  
  126  6:08  Roach  
  128  6:12  Overlord  
  128  6:16  Roach x5  
  138  6:22  Roach  
  138  6:23  Roach  
  140  6:26  Zergling x8  
  140  6:32  Zergling x2  
  145  6:33  Zergling x4  
  145  6:39  Zergling x6  
  150  6:40  Ravager x3  
  150  6:45  Zergling x2  
  150  6:46  Zergling x4  
  155  6:49  Ravager x3  
  155  6:50  Overlord, Zergling x4  
  160  6:56  Zergling x6  
  160  6:57  Ravager x2  
  160  7:00  Zergling x2  
  160  7:01  Zergling x6  
  167  7:05  Zergling x2  
  167  7:06  Zergling x2  
Show
View Real Time Build Order
Export as new Build Order

FeaR Protoss 

Build Orders: 1 Gate Expand, Phoenix Opening 

Get SALT Encoding   

  12  0:00  Probe  
  13  0:12  Probe  
  14  0:20  Pylon  
  14  0:24  Probe  
  15  0:35  Probe  
  15  0:39  Gateway  
  16  0:43  Probe  
  16  0:48  Assimilator  
  17  0:52  Probe  
  18  1:04  Probe  
  19  1:16  Probe  
  20  1:26  Nexus  
  20  1:36  Cybernetics Core  
  20  1:39  Probe  
  21  1:47  Assimilator  
  21  1:51  Probe  
  22  1:59  Pylon  
  22  2:03  Probe  
  22  2:08  Adept  
  23  2:17  Probe  
  23  2:19  Stargate  
  26  2:26  Warp Gate  
  26  2:29  Probe  
  27  2:35  Adept  
  27  2:36  Probe  
  29  2:41  Probe  
  29  2:44  Probe  
  32  2:53  Probe  
  32  2:54  Probe  
  32  2:57  Phoenix  
  37  3:05  Probe  
  37  3:06  Probe  
  38  3:14  Assimilator  
  38  3:16  Assimilator  
  38  3:17  Probe, Pylon  
  38  3:18  Probe  
  40  3:22  Sentry  
  42  3:29  Probe  
  42  3:30  Probe  
  44  3:34  Robotics Facility  
  44  3:39  Probe  
  44  3:40  Probe  
  44  3:47  Probe  
  44  3:48  Probe  
  48  3:56  Probe  
  48  3:58  Probe  
  50  4:08  Probe, Pylon  
  51  4:10  Probe  
  51  4:16  Immortal  
  52  4:25  Gateway  
  52  4:26  Gateway  
  52  4:31  Probe x2  
  58  4:34  Zealot  
  60  4:46  Probe  
  60  4:47  Nexus  
  60  4:48  Pylon  
  61  4:56  Probe  
  62  5:02  Immortal  
  62  5:06  Probe, Pylon  
  67  5:08  Probe, Shield Battery  
  68  5:15  Forge  
  68  5:18  Probe  
  68  5:20  Probe  
  70  5:30  Probe  
  70  5:32  Probe  
  70  5:34  Sentry x3  
  78  5:40  Gateway  
  78  5:41  Gateway  
  78  5:42  Gateway  
  78  5:44  Twilight Council  
  78  5:48  Pylon  
  78  5:56  Probe x3  
  78  5:59  Observer, Pylon  
  78  6:02  Pylon  
  78  6:04  Probe x2  
  82  6:05  Probe  
  85  6:12  Probe x2  
  85  6:15  Gateway  
  85  6:16  Gateway  
  88  6:18  Zealot  
  88  6:21  Sentry, Zealot  
  88  6:23  Probe  
  88  6:25  Probe x2  
  95  6:27  Warp Prism  
  98  6:36  Templar Archives  
  98  6:43  Zealot x3  
  100  6:47  Zealot  
  100  6:51  Zealot x2  
  103  6:58  Probe  
  104  7:06  Zealot x3  
  108  7:13  Zealot  
  108  7:14  Zealot x3  
Tags
 
Add a new tag
Caveats
  • Supply blocks, unpowered buildings, or Contaminate may cause inaccurate times.
  • Supply counts are checked every 10 seconds.